 Dungeon Crawl Stone Soup version 0.25.1-2-g60ff931df9 (webtiles) character file.

Game seed: 18220765542883832010

46 raphaelitos the Skirmisher (level 3, -8/34 HPs)
             Began as a Minotaur Abyssal Knight on Sept 30, 2020.
             Was a Follower of Lugonu.
             Mangled by Terence
             ... wielding a +2 hand axe of electrocution
              (20 damage)
             ... on level 2 of the Dungeon on Oct 1, 2020.
             The game lasted 00:03:24 (1545 turns).

raphaelitos the Skirmisher (MiAK)                   Turns: 1545, Time: 00:03:25

Health: -8/34      AC:  3    Str: 16    XL:     3   Next: 44%
Magic:  3/3        EV: 11    Int:  9    God:    Lugonu [*.....]
Gold:   81         SH:  0    Dex: 10    Spells: 2/2 levels left

rFire    . . .     SeeInvis .   a - +1 hand axe
rCold    . . .     Gourm    .   (no shield)
rNeg     . . .     Faith    .   b - +0 leather armour
rPois    .         Spirit   .   (helmet restricted)
rElec    .         Reflect  .   (no cloak)
rCorr    .         Harm     .   (no gloves)
MR       .....                  (no boots)
Stlth    +.........             (no amulet)
HPRegen  0.11/turn              (no ring)
MPRegen  0.08/turn              (no ring)

@: no status effects
A: retaliatory headbutt, horns 2
a: Depart the Abyss, Renounce Religion


You were on level 2 of the Dungeon.
You worshipped Lugonu.
Lugonu was aware of your devotion.
You were hungry.

You visited 1 branch of the dungeon, and saw 2 of its levels.
You visited the Abyss 1 time.

You collected 81 gold pieces.

Inventory:

Hand Weapons
 a - a +1 hand axe (weapon)
Armour
 b - a +0 leather armour (worn)
 d - a +0 chain mail
Jewellery
 h - a +4 ring of evasion {unknown}
Scrolls
 e - 2 scrolls of immolation {unknown}
 g - a scroll of teleportation {unknown}
 j - a scroll of identify {unknown}
Potions
 f - a potion of cancellation {unknown}
 i - a potion of curing {unknown}
Comestibles
 c - a ration


   Skills:
 + Level 4.5 Fighting
 + Level 3.5 Axes
 + Level 2.5 Armour
 + Level 1.1 Dodging
 + Level 2.0 Invocations


You had 2 spell levels left.
You didn't know any spells.
Your spell library was empty.

Dungeon Overview and Level Annotations

Branches:
Dungeon (2/15)

Altars:

Annotations:
D:2 Terence


Innate Abilities, Weirdness & Mutations

You reflexively headbutt those who attack you in melee.
You have a pair of horns on your head.


Message History

Terence the Incautious comes into view.
He is wielding a +2 hand axe of electrocution and wearing a +1 scale mail of cold resistance.
Terence is nearby!
Terence is nearby!
Terence is nearby!
Terence is nearby!
Terence is nearby!
You hit Terence but do no damage.
Terence hits you with a +2 hand axe of electrocution.
You closely miss Terence.
Terence hits you with a +2 hand axe of electrocution.
You closely miss Terence. You headbutt Terence, but do no damage.
Terence hits you with a +2 hand axe of electrocution.
You closely miss Terence.
Terence hits you with a +2 hand axe of electrocution.
You are electrocuted!
You hit Terence but do no damage.
Terence hits you with a +2 hand axe of electrocution.
You are electrocuted!!
Ouch! That really hurt!
You die...

###### #....# #....# #....#
####
#....##########..##########
#..........................
#....##......###....#######
#.......###########....####
#.........@....# ####.....
#....######@##.... ######
###### .# . ... .# #### ..
# ## .. .# .##


You could see Terence.

Vanquished Creatures
  An adder (D:2)
  A worm (D:2)
  2 leopard geckos (D:1)
  2 bats (D:1)
  A giant cockroach (D:1)
  3 hobgoblins (D:1)
  2 jackals (D:1)
  4 frilled lizards (D:1)
  5 goblins (D:1)
  5 kobolds (D:1)
  8 rats (D:1)
34 creatures vanquished.

Notes
Turn   | Place    | Note
-------+----------+-------------------------------------------
     0 | Abyss:1  | raphaelitos the Minotaur Abyssal Knight began the quest for
                  | the Orb.
     0 | Abyss:1  | Reached XP level 1. HP: 19/19 MP: 1/1
    59 | Abyss:1  | Noticed a bone dragon
    70 | D:1      | Escaped the Abyss
   191 | D:1      | Reached XP level 2. HP: 26/27 MP: 2/2
   192 | D:1      | Reached skill level 4 in Fighting
   207 | D:1      | Reached * piety under Lugonu
   815 | D:1      | Reached XP level 3. HP: 21/33 MP: 3/3
  1540 | D:2      | Noticed Terence
  1545 | D:2      | Mangled by Terence

Illustrated notes

Levels and vault maps discovered:
D:1:      lemuel_arrival_river_bridge, layout_basic, minmay_hexomino_p4
D:2:      layout_rooms, nicolae_dithmenos_shadow_blocks, first_ration,
          uniq_terence

Skill      XL: |  1  2 |
---------------+-------+-----
Fighting       | 4 |  4.5
Axes           | 3 |  3.5
Invocations    | 2 |  2.0
Armour         | |  2.5
Dodging        | |  1.1

Action                   || total
-------------------------++-------
Melee: Hand axe          ||    53
       Headbutt          ||     8
Invok: Depart the Abyss  ||     1
  Eat: Chunk             ||     1
Armor: Leather armour    ||    22
Dodge: Dodged            ||    47
